Map: [TLMC15] Curious Minds

Players

DRG - Winner!

  • Race: Zerg Zerg
  • League: Master

Classic

  • Race: Protoss Protoss
  • League: Master

Event: StayAtHome Story Cup #4

VOD

Have the link to the VOD?

Description

Time

  • Played on: Oct. 22, 2021, 8:44 a.m.
  • Length: 8:26

All games in this series

Show
View Real Time Build Order
Export as new Build Order

DRG Zerg - Winner!

Build Orders: Hatch First 

Get SALT Encoding   

  12  0:00  Drone  
  13  0:12  Overlord  
  13  0:16  Drone  
  14  0:30  Drone x2  
  16  0:47  Hatchery  
  15  0:51  Drone  
  15  0:54  Drone  
  17  0:57  Drone  
  18  1:08  Extractor  
  17  1:13  Spawning Pool  
  17  1:15  Drone  
  17  1:19  Drone  
  18  1:27  Drone  
  19  1:39  Drone  
  20  1:48  Overlord  
  20  1:59  Queen  
  20  2:00  Queen  
  24  2:02  Zergling x4  
  26  2:10  Drone x2  
  26  2:12  Metabolic Boost  
  28  2:21  Drone  
  28  2:22  Drone  
  30  2:33  Hatchery  
  30  2:36  Drone  
  30  2:42  Queen  
  32  2:48  Overlord  
  32  2:50  Drone  
  33  2:52  Drone  
  33  2:55  Drone  
  33  2:57  Drone  
  35  3:03  Overlord  
  35  3:08  Drone x3  
  35  3:09  Drone  
  39  3:14  Zergling x2  
  39  3:17  Zergling x2  
  39  3:18  Spore Crawler  
  40  3:23  Queen  
  40  3:25  Drone  
  43  3:30  Queen  
  45  3:34  Zergling x2  
  45  3:37  Overlord  
  45  3:40  Drone x2  
  48  3:41  Drone  
  48  3:46  Queen  
  51  3:48  Drone  
  51  3:53  Drone  
  51  3:54  Drone  
  54  3:56  Drone  
  54  3:57  Drone  
  54  3:58  Spore Crawler  
  55  4:03  Spore Crawler  
  55  4:04  Drone  
  55  4:07  Overlord  
  55  4:08  Drone  
  56  4:12  Spore Crawler  
  56  4:14  Drone  
  56  4:15  Spore Crawler  
  53  4:18  Drone x3  
  53  4:21  Overlord  
  57  4:24  Overlord  
  57  4:26  Drone x2  
  57  4:28  Drone  
  57  4:30  Drone  
  61  4:31  Drone  
  61  4:34  Drone x2  
  61  4:36  Drone  
  65  4:38  Drone  
  65  4:40  Drone  
  67  4:47  Drone  
  67  4:48  Drone  
  67  4:49  Roach Warren  
  67  4:51  Lair  
  68  4:53  Drone  
  68  4:54  Drone, Extractor  
  68  4:55  Extractor  
  68  4:56  Drone  
  68  4:57  Drone  
  68  4:58  Drone  
  68  4:59  Drone  
  72  5:00  Drone  
  72  5:02  Drone  
  72  5:05  Evolution Chamber  
  73  5:08  Overlord  
  73  5:10  Drone  
  73  5:12  Overlord  
  73  5:13  Drone x3  
  75  5:16  Drone  
  75  5:18  Extractor x2  
  75  5:19  Extractor  
  73  5:21  Drone  
  73  5:22  Drone x3  
  73  5:25  Drone  
  73  5:26  Drone x2  
  73  5:28  Drone  
  81  5:30  Drone  
  81  5:33  Drone, Zerg Missile Weapons Level 1  
  83  5:43  Overlord  
  83  5:46  Roach x4  
  83  5:47  Hatchery  
  83  5:49  Glial Reconstitution  
  90  5:50  Overlord  
  90  5:53  Overseer  
  90  5:56  Roach x2  
  94  5:58  Overlord  
  94  6:00  Overlord  
  94  6:03  Roach x2  
  98  6:08  Infestation Pit  
  98  6:10  Overlord  
  97  6:15  Overlord x2  
  97  6:18  Roach x3  
  103  6:19  Ravager x4  
  103  6:20  Zergling x2  
  103  6:22  Zergling x4  
  110  6:26  Zergling x8  
  110  6:28  Zergling x2  
  110  6:30  Zergling x4, Ravager x2  
  118  6:33  Zergling x4  
  118  6:35  Zergling x4  
  122  6:44  Zergling x2  
  122  6:46  Overlord  
  123  6:48  Roach  
  123  6:49  Ravager x4  
  123  6:52  Overlord  
  129  6:55  Zergling x2  
  129  6:56  Zergling x14  
  129  6:58  Zergling x4  
  129  6:59  Queen  
  141  7:05  Zergling x4  
  143  7:08  Hive  
  143  7:09  Drone  
  143  7:11  Hydralisk Den  
  143  7:12  Zergling x2  
  143  7:13  Zergling x2  
  144  7:16  Zergling x2  
  144  7:19  Drone x2  
  144  7:22  Zergling x2  
  148  7:31  Extractor  
  148  7:33  Spore Crawler  
  148  7:34  Extractor, Zergling x22  
  150  7:38  Zergling x6  
  152  7:44  Lurker Den  
  152  7:46  Drone x3  
  154  7:52  Drone x3  
  154  7:54  Overlord  
  154  7:55  Overlord  
  154  7:57  Roach  
  154  7:58  Roach  
  158  8:07  Zergling x8  
Show
View Real Time Build Order
Export as new Build Order

Classic Protoss 

Build Orders: 1 Gate Expand, Oracle Opening 

Get SALT Encoding   

  12  0:00  Probe  
  13  0:12  Probe  
  14  0:19  Pylon  
  14  0:24  Probe  
  15  0:37  Probe (Chrono Boost)  
  15  0:41  Gateway  
  16  0:47  Probe (Chrono Boost), Assimilator  
  17  0:52  Probe (Chrono Boost)  
  18  1:03  Probe  
  19  1:16  Probe  
  20  1:24  Nexus  
  20  1:28  Probe  
  21  1:36  Cybernetics Core  
  21  1:40  Probe  
  21  1:45  Assimilator  
  22  1:51  Pylon  
  22  1:54  Probe  
  23  2:09  Probe, Adept (Chrono Boost)  
  23  2:14  Stargate  
  26  2:21  Probe  
  27  2:24  Warp Gate  
  27  2:33  Adept  
  27  2:34  Probe (Chrono Boost)  
  27  2:36  Probe (Chrono Boost)  
  32  2:45  Probe x2 (Chrono Boost)  
  32  2:49  Probe (Chrono Boost)  
  32  2:50  Probe (Chrono Boost)  
  34  2:58  Oracle (Chrono Boost)  
  38  3:00  Probe  
  38  3:02  Probe  
  38  3:05  Pylon  
  40  3:12  Probe  
  41  3:14  Probe  
  41  3:15  Gateway  
  42  3:23  Void Ray (Chrono Boost)  
  42  3:24  Probe  
  42  3:27  Probe  
  48  3:36  Probe  
  48  3:39  Probe  
  50  3:47  Nexus  
  50  3:50  Pylon  
  50  3:52  Probe  
  50  3:53  Probe  
  52  3:55  Assimilator  
  51  4:04  Probe  
  51  4:05  Probe, Assimilator  
  53  4:16  Probe  
  54  4:17  Probe  
  55  4:25  Twilight Council  
  55  4:27  Forge  
  55  4:28  Probe  
  55  4:29  Pylon, Probe  
  57  4:32  Gateway  
  57  4:34  Gateway, Sentry  
  57  4:35  Sentry  
  61  4:41  Robotics Facility  
  61  4:43  Probe  
  62  4:47  Probe  
  62  4:51  Pylon  
  63  4:55  Shield Battery  
  63  4:58  Probe  
  63  4:59  Sentry x2, Probe x2  
  70  5:03  Photon Cannon  
  70  5:12  Protoss Ground Weapons Level 1 (Chrono Boost)  
  70  5:13  Probe x3 (Chrono Boost)  
  73  5:18  Blink  
  73  5:26  Probe x3 (Chrono Boost)  
  76  5:29  Observer  
  76  5:31  Probe x3 (Chrono Boost)  
  76  5:35  Gateway x2  
  80  5:38  Assimilator  
  80  5:40  Probe x3, Assimilator  
  83  5:45  Gateway x2  
  83  5:48  Warp Prism (Chrono Boost)  
  83  5:55  Pylon  
  85  5:59  Probe x3  
  88  6:04  Pylon  
  88  6:11  Sentry x2  
  88  6:13  Stalker x2  
  88  6:17  Pylon  
  96  6:18  Pylon  
  96  6:20  Pylon  
  96  6:21  Pylon  
  96  6:25  Robotics Bay  
  96  6:37  Probe  
  96  6:38  Probe  
  98  6:44  Stalker x2  
  102  6:50  Nexus  
  102  6:52  Pylon  
  102  6:55  Photon Cannon  
  102  7:06  Stargate  
  102  7:07  Fleet Beacon  
  102  7:12  Probe  
  102  7:13  Probe, Disruptor (Chrono Boost)  
  107  7:16  Stargate  
  107  7:19  Photon Cannon  
  107  7:22  Gateway x2  
  107  7:25  Pylon  
  107  7:27  Stalker x2  
  107  7:28  Stalker x2  
  115  7:35  Stalker  
  117  7:42  Pylon  
  116  7:45  Disruptor (Chrono Boost)  
  116  7:47  Gateway  
  131  8:00  Nexus  
  131  8:01  Pylon  
  126  8:09  Zealot x2  
  126  8:10  Zealot x3  
  114  8:12  Zealot  
  114  8:15  Zealot  
  114  8:19  Zealot x2  
Tags
 
Add a new tag
Caveats
  • Supply blocks, unpowered buildings, or Contaminate may cause inaccurate times.
  • Supply counts are checked every 10 seconds.